 Dungeon Crawl Stone Soup version 0.22.1-1-ga44c0e5 (webtiles) character file.

5992 Harpaggios the Martial Artist (level 10, -13/76 HPs)
             Began as a Gnoll Transmuter on Oct 22, 2018.
             Was an Elder of Qazlal.
             Mangled by a three-headed hydra (15 damage)
             ... on level 9 of the Dungeon.
             The game lasted 01:17:26 (10854 turns).

Harpaggios the Martial Artist (Gnoll Transmuter)   Turns: 10854, Time: 01:17:34

Health: -13/76     AC:  4    Str: 13    XL:     10   Next: 85%
Magic:  19/21      EV: 17    Int: 18    God:    Qazlal [****..]
Gold:   439        SH:  5    Dex: 18    Spells: 13/24 levels left

rFire    + . .     SeeInvis .     - Unarmed
rCold    + . .     Gourm    .   (no shield)
rNeg     + . .     Faith    .   w - +2 robe {rC+}
rPois    .         Spirit   .   (no helmet)
rElec    .         Reflect  .   (no cloak)
rCorr    .         Harm     .   (no gloves)
MR       .....     Clarity  +   (boots currently unavailable)
Stlth    ++........             f - amulet of the acrobat
HPRegen  0.22/turn              p - +2 ring of intelligence
MPRegen  0.17/turn              j - ring of positive energy

@: appendage, repel missiles
A: distributed training, fangs 1, talons 3, clarity, fire resistance 1, strong
nose
a: End Transformation, Upheaval, Elemental Force, Renounce Religion


You were on level 9 of the Dungeon.
You worshipped Qazlal.
Qazlal was greatly pleased with you.
You were hungry.
You had grown temporary talons.
You visited 1 branch of the dungeon, and saw 9 of its levels.

You collected 586 gold pieces.
You spent 147 gold pieces at shops.

Inventory:

Hand Weapons
 e - a +2 dagger of flaming
Missiles
 o - 114 arrows
Armour
 u - the +0 leather armour of an ossuary {rCorr}
   (You bought it in a shop on level 6 of the Dungeon)

   It provides partial protection from all sources of acid and corrosion.
 w - a +2 robe of cold resistance (worn)
Jewellery
 a - an uncursed amulet of rage
 c - an uncursed ring of flight
 f - an amulet of the acrobat (around neck)
 j - a ring of positive energy (right hand)
 l - an uncursed ring of ice
 p - a +2 ring of intelligence (left hand)
 y - an uncursed ring of wizardry {unknown}
Wands
 i - a wand of random effects (17)
 k - a wand of acid (14)
Scrolls
 g - 4 scrolls of teleportation
 h - 2 scrolls of fog
 m - 2 scrolls of enchant weapon
 q - 2 scrolls of remove curse
 r - a scroll of enchant armour
 t - 3 scrolls of identify
 v - 4 scrolls of fear
Potions
 b - a potion of cancellation
 n - a potion of heal wounds
 s - a potion of mutation
 x - a potion of flight
 z - a potion of lignification
 B - a potion of curing {unknown}
Comestibles
 d - 18 rations


   Skills:
 + Level 6.2 Fighting
 + Level 5.5 Short Blades
 + Level 5.5 Long Blades
 + Level 5.5 Axes
 + Level 5.5 Maces & Flails
 + Level 5.5 Polearms
 + Level 5.5 Staves
 + Level 5.5 Slings
 + Level 5.5 Bows
 + Level 5.5 Crossbows
 + Level 5.5 Throwing
 + Level 5.5 Armour
 + Level 7.3 Dodging
 + Level 5.5 Stealth
 + Level 5.5 Shields
 + Level 8.7 Unarmed Combat
 + Level 7.5 Spellcasting
 + Level 4.6 Conjurations
 + Level 4.6 Hexes
 + Level 4.6 Charms
 + Level 4.6 Summonings
 + Level 4.6 Necromancy
 + Level 4.6 Translocations
 + Level 6.0 Transmutations
 + Level 4.6 Fire Magic
 + Level 4.6 Ice Magic
 + Level 4.6 Air Magic
 + Level 4.6 Earth Magic
 + Level 4.6 Poison Magic
 + Level 6.1 Invocations
 + Level 5.5 Evocations


You had 13 spell levels left.
You knew the following spells:

 Your Spells              Type           Power        Failure   Level  Hunger
a - Beastly Appendage     Tmut           ####..       1%          1    None
b - Sticks to Snakes      Tmut           ####....     1%          2    None
c - Confusing Touch       Hex            ###...       1%          1    None
d - Spider Form           Tmut/Pois      ####......   3%          3    #......
e - Ice Form              Ice/Tmut       ####....     12%         4    ###....

Your spell library contained the following spells:

 Spells                   Type           Power        Failure   Level  Hunger
 Corona                   Hex            ###....      1%          1    None
 Ensorcelled Hibernation  Hex/Ice        ###...       2%          2    None
 Confuse                  Hex            ###.....     4%          3    #......
 Dazzling Spray           Conj/Hex       ###...       4%          3    #......
 Gell's Gravitas          Tloc           ###.......   4%          3    #......
 Tukima's Dance           Hex            ###.....     4%          3    #......
 Petrify                  Tmut/Erth      ####....     12%         4    ###....
 Blade Hands              Tmut           ####......   24%         5    #####..
 Yara's Violent Unravell  Hex/Tmut       ####......   32%         5    #####..
 Metabolic Englaciation   Hex/Ice        ###.......   38%         5    #####..


Dungeon Overview and Level Annotations

Branches:
Dungeon (9/15)             Temple (0/1) D:6            Lair (0/6) D:8
    Orc: D:9-12

Altars:
Ashenzari
Dithmenos
Gozag
Kikubaaqudgha
Makhleb
Nemelex Xobeh
Okawaru
Qazlal
Uskayaw
Xom
Zin
The Shining One

Shops:
D:6 *?*}   D:9 [


Innate Abilities, Weirdness & Mutations

Your experience applies equally to all skills.
You have very sharp teeth.
Your uncanny sense of smell can sniff out nearby items.
You have claws for feet.
You possess an exceptional clarity of mind.
Your flesh is heat resistant. (rF+)


Message History

You claw the three-headed hydra, but do no damage.
The three-headed hydra bites you!
The three-headed hydra closely misses you.
The three-headed hydra bites you! The yak gores you.
The big kobold hits you from afar with a halberd!
* * * LOW HITPOINT WARNING * * *
The yak is engulfed in blazing flames.
You kill the yak!
Qazlal accepts your kill. You block the yak's attack.
The yak completely misses you.
You hear a shout!
Casting: Confusing Touch (safe; 1% risk of failure)
Confirm with . or Enter, or press ? or * to list all spells.
You create a snake!
You now have 114 arrows.
Your hands stop glowing.
The three-headed hydra bites you!
* * * LOW HITPOINT WARNING * * *
The three-headed hydra bites you!
You die...

#..######...........#
##.### ###.........#
#...# #.........#
###.## #.........##
#..# #.........#.
##.# #.##........ #.#
#.#####..... #.# #.#
##.... #@# ###
######. #D### ...#
∆#. #SY.# ...%' ∆#.
###.####...P.' #.
#.#...≈...%' ##
#.KK##K..%.# #. #..##
.P≈P# #. #... ≈≈≈#
∆#. #.... P.'∆ #.


You could see a three-headed hydra, a yak, a big kobold and a friendly adder.

Vanquished Creatures
  The ghost of Paps the Shield-Bearer, an amateur MiFi (D:4)
  2 dream sheep (D:9)
  A hippogriff (D:9)
  A wraith (D:8)
  A yak (D:9)
  A hungry ghost (D:8)
  Eustachio (D:5)
  3 wyverns
  Edmund (D:7)
  Duvessa (D:7)
  4 orc warriors
  An ice beast (D:9)
  2 sky beasts
  2 phantoms
  3 ogres
  6 centaurs
  2 bullfrogs
  A big kobold (D:7)
  A wyvern zombie (D:9)
  Dowan (D:7)
  2 killer bees (D:9)
  3 scorpions
  2 wights (D:9)
  A howler monkey (D:9)
  2 centaur zombies
  5 crimson imps
  2 quasits
  A hound (D:7)
  8 orc wizards
  An orc priest (D:3)
  A bullfrog skeleton (D:6)
  Terence (D:2)
  8 iguanas
  A hound zombie (D:5)
  2 hound skeletons
  10 gnolls
  A howler monkey skeleton (D:4)
  10 adders
  3 shadow imps
  2 oozes
  An adder skeleton (D:5)
  4 worms
  3 dart slugs
  2 leopard geckos
  19 orcs
  3 giant cockroaches
  5 goblins
  7 hobgoblins
  3 jackals (D:8)
  18 kobolds
  4 quokkas
  A ball python (D:1)
  7 bats
  9 frilled lizards
  A jackal skeleton (D:4)
  A quokka skeleton (D:6)
  2 quokka zombies (D:5)
  9 rats
201 creatures vanquished.

Vanquished Creatures (collateral kills)
  An ugly thing (D:8)
  Sigmund (D:2)
  An ogre (D:9)
  A centaur (D:9)
  A wight (D:9)
  A killer bee (D:9)
  4 gnolls (D:2)
  2 adders (D:2)
  A dart slug (D:1)
  An orc (D:9)
  2 goblins (D:1)
  2 hobgoblins
  2 kobolds (D:1)
20 creatures vanquished.

Vanquished Creatures (others)
  4 toadstools (D:1)
4 creatures vanquished.

Grand Total: 225 creatures vanquished

Notes
Turn   | Place    | Note
-------+----------+-------------------------------------------
     0 | D:1      | Harpaggios the Gnoll Transmuter began the quest for the
                  | Orb.
     0 | D:1      | Reached XP level 1. HP: 17/17 MP: 6/6
    54 | D:1      | Reached XP level 2. HP: 22/23 MP: 4/7
    68 | D:1      | Learned a level 2 spell: Sticks to Snakes
   311 | D:1      | Reached XP level 3. HP: 28/28 MP: 9/9
   347 | D:1      | Reached skill level 5 in Spellcasting
   362 | D:1      | Reached skill level 1 in Invocations
  1075 | D:2      | Reached skill level 1 in Short Blades
  1075 | D:2      | Reached skill level 1 in Long Blades
  1075 | D:2      | Reached skill level 1 in Axes
  1075 | D:2      | Reached skill level 1 in Maces & Flails
  1075 | D:2      | Reached skill level 1 in Polearms
  1075 | D:2      | Reached skill level 1 in Staves
  1075 | D:2      | Reached skill level 1 in Slings
  1075 | D:2      | Reached skill level 1 in Bows
  1075 | D:2      | Reached skill level 1 in Crossbows
  1075 | D:2      | Reached skill level 1 in Throwing
  1075 | D:2      | Reached skill level 1 in Armour
  1075 | D:2      | Reached skill level 1 in Stealth
  1075 | D:2      | Reached skill level 1 in Shields
  1075 | D:2      | Reached skill level 1 in Evocations
  1180 | D:2      | Found a stormy altar of Qazlal.
  1186 | D:2      | Became a worshipper of Qazlal Stormbringer
  1196 | D:2      | Noticed Sigmund
  1216 | D:2      | Killed Sigmund
  1216 | D:2      | Reached skill level 1 in Conjurations
  1216 | D:2      | Reached skill level 1 in Hexes
  1216 | D:2      | Reached skill level 1 in Charms
  1216 | D:2      | Reached skill level 1 in Summonings
  1216 | D:2      | Reached skill level 1 in Necromancy
  1216 | D:2      | Reached skill level 1 in Translocations
  1216 | D:2      | Reached skill level 1 in Fire Magic
  1216 | D:2      | Reached skill level 1 in Ice Magic
  1216 | D:2      | Reached skill level 1 in Air Magic
  1216 | D:2      | Reached skill level 1 in Earth Magic
  1216 | D:2      | Reached skill level 1 in Poison Magic
  1216 | D:2      | Reached XP level 4. HP: 20/34 MP: 1/11
  1216 | D:2      | Reached XP level 5. HP: 24/40 MP: 1/12
  1692 | D:2      | Learned a level 3 spell: Spider Form
  1965 | D:2      | Noticed Terence
  1978 | D:2      | Killed Terence
  2166 | D:2      | Reached XP level 6. HP: 32/47 MP: 11/13
  2365 | D:2      | Learned a level 1 spell: Confusing Touch
  2558 | D:2      | Found a sparkling altar of Nemelex Xobeh.
  2559 | D:2      | Found an ancient bone altar of Kikubaaqudgha.
  2644 | D:2      | Gained mutation: You possess an exceptional clarity of
                  | mind. [potion of mutation]
  2644 | D:2      | Gained mutation: Your flesh is heat resistant. (rF+)
                  | [potion of mutation]
  2833 | D:3      | Found an opulent altar of Gozag.
  2834 | D:3      | Reached * piety under Qazlal
  3186 | D:3      | Found a shimmering altar of Xom.
  3423 | D:3      | Reached skill level 5 in Dodging
  3980 | D:4      | Found a runed door.
  4519 | D:4      | Noticed Paps's ghost (amateur MiFi)
  4565 | D:4      | Killed Paps's ghost
  4565 | D:4      | Reached skill level 7 in Unarmed Combat
  4565 | D:4      | Reached XP level 7. HP: 21/52 MP: 15/15
  4773 | D:5      | Entered Level 5 of the Dungeon
  4780 | D:5      | Noticed Eustachio
  5359 | D:5      | Reached ** piety under Qazlal
  5427 | D:5      | Reached XP level 8. HP: 37/60 MP: 16/16
  6012 | D:5      | Found a burning altar of Makhleb.
  6108 | D:5      | Killed Eustachio
  6349 | D:5      | Found a glowing golden altar of the Shining One.
  6801 | D:6      | Found Wielyi's Magic Scroll Boutique.
  6801 | D:6      | Found Ysaigyg's Assorted Antiques.
  6806 | D:6      | Found Pohubbaomy's General Store.
  6810 | D:6      | Found Waz Kikiorgh's Gadget Boutique.
  6830 | D:6      | Bought a shimmering leather armour for 147 gold pieces
  6844 | D:6      | Identified the cursed +0 leather armour of an ossuary
                  | {rCorr} (You bought it in a shop on level 6 of the Dungeon)
  6924 | D:6      | Got a pitted chain mail
  6989 | D:6      | Found a staircase to the Ecumenical Temple.
  7265 | D:6      | Reached XP level 9. HP: 63/66 MP: 16/18
  7572 | D:7      | Reached skill level 5 in Transmutations
  7593 | D:7      | Found a shattered altar of Ashenzari.
  7632 | D:7      | Noticed Duvessa
  7635 | D:7      | Noticed Dowan
  7649 | D:7      | Killed Dowan
  7662 | D:7      | Killed Duvessa
  7683 | D:7      | Noticed Edmund
  7699 | D:7      | Killed Edmund
  8038 | D:7      | Reached skill level 5 in Fighting
  8264 | D:7      | Reached *** piety under Qazlal
  8745 | D:8      | Reached skill level 8 in Unarmed Combat
  8790 | D:8      | Reached skill level 5 in Invocations
  8843 | D:8      | Found a hide-covered altar of Uskayaw.
  8933 | D:8      | Found a staircase to the Lair.
  9002 | D:8      | Reached XP level 10. HP: 37/74 MP: 18/20
  9216 | D:8      | Noticed a purple ugly thing
  9235 | D:8      | Killed a purple ugly thing
  9394 | D:8      | Learned a level 4 spell: Ice Form
  9565 | D:8      | Found a glowing silver altar of Zin.
  9742 | D:9      | Reached skill level 5 in Short Blades
  9742 | D:9      | Reached skill level 5 in Long Blades
  9742 | D:9      | Reached skill level 5 in Axes
  9742 | D:9      | Reached skill level 5 in Maces & Flails
  9742 | D:9      | Reached skill level 5 in Polearms
  9742 | D:9      | Reached skill level 5 in Staves
  9742 | D:9      | Reached skill level 5 in Slings
  9742 | D:9      | Reached skill level 5 in Bows
  9742 | D:9      | Reached skill level 5 in Crossbows
  9742 | D:9      | Reached skill level 5 in Throwing
  9742 | D:9      | Reached skill level 5 in Armour
  9742 | D:9      | Reached skill level 5 in Stealth
  9742 | D:9      | Reached skill level 5 in Shields
  9742 | D:9      | Reached skill level 5 in Evocations
 10343 | D:9      | Reached **** piety under Qazlal
 10384 | D:9      | Found a shadowy altar of Dithmenos.
 10613 | D:9      | Found an iron altar of Okawaru.
 10664 | D:9      | Found Tayseumm's Armour Emporium.
 10834 | D:9      | Noticed a three-headed hydra
 10854 | D:9      | HP: 2/76 [three-headed hydra (15)]
 10854 | D:9      | Mangled by a three-headed hydra

Skill      XL: |  1  2  3  4  5  6  7  8  9 10 |
---------------+-------------------------------+-----
Spellcasting   | 5 6 7 |  7.5
Invocations    | 1 2 3 4 5 6 |  6.1
Short Blades   | 1 2 3 4 5 |  5.5
Long Blades    | 1 2 3 4 5 |  5.5
Axes           | 1 2 3 4 5 |  5.5
Maces & Flails | 1 2 3 4 5 |  5.5
Polearms       | 1 2 3 4 5 |  5.5
Staves         | 1 2 3 4 5 |  5.5
Slings         | 1 2 3 4 5 |  5.5
Bows           | 1 2 3 4 5 |  5.5
Crossbows      | 1 2 3 4 5 |  5.5
Throwing       | 1 2 3 4 5 |  5.5
Armour         | 1 2 3 4 5 |  5.5
Stealth        | 1 2 3 4 5 |  5.5
Shields        | 1 2 3 4 5 |  5.5
Evocations     | 1 2 3 4 5 |  5.5
Conjurations   | 1 2 3 4 |  4.6
Hexes          | 1 2 3 4 |  4.6
Charms         | 1 2 3 4 |  4.6
Summonings     | 1 2 3 4 |  4.6
Necromancy     | 1 2 3 4 |  4.6
Translocations | 1 2 3 4 |  4.6
Fire Magic     | 1 2 3 4 |  4.6
Ice Magic      | 1 2 3 4 |  4.6
Air Magic      | 1 2 3 4 |  4.6
Earth Magic    | 1 2 3 4 |  4.6
Poison Magic   | 1 2 3 4 |  4.6
Fighting       | 3 4 5 6 |  6.2
Transmutations | 4 5 6 |  6.0
Dodging        | 5 6 7 |  7.3
Unarmed Combat | 7 8 |  8.7

Action                   |  1- 3 |  4- 6 |  7- 9 | 10-12 || total
-------------------------+-------+-------+-------+-------++-------
Melee: Unarmed           |    25 |   146 |   407 |   162 ||   740
       Headbutt          |     6 |    12 |    37 |    20 ||    75
       Kick              |     3 |    10 |    48 |    18 ||    79
       Bite              |    10 |    21 |    57 |    20 ||   108
       Dagger            |    68 |    19 |       |       ||    87
       Punch             |     6 |     1 |    15 |    11 ||    33
 Cast: Beastly Appendage |    10 |    26 |    29 |    15 ||    80
       Sticks to Snakes  |    10 |    12 |    12 |    32 ||    66
       Spider Form       |       |     3 |       |       ||     3
       Confusing Touch   |       |     5 |    36 |    20 ||    61
       Ice Form          |       |       |       |     2 ||     2
  Use: Scroll            |       |     6 |     2 |     1 ||     9
       Potion            |       |     3 |     5 |     1 ||     9
 Stab: Sleeping          |     2 |     2 |       |       ||     4
       Confused          |       |     3 |    24 |     8 ||    35
       Distracted        |       |       |     1 |       ||     1
  Eat: Chunk             |     1 |    11 |    11 |     5 ||    28
       Ration            |       |       |     2 |       ||     2
Armor: Robe              |    10 |    13 |     8 |     9 ||    40
       Leather armour    |       |       |    18 |     3 ||    21
       Skin              |       |       |       |     6 ||     6
Dodge: Dodged            |    59 |    87 |   187 |   108 ||   441
       Deflected         |       |       |       |     1 ||     1
Block: Other             |       |     6 |    26 |    27 ||    59
